 Dungeon Crawl Stone Soup version 0.30.1-3-gfc49f6343a (webtiles) character file.

Game seed: 7754141831645855205

14917 shmup the Arsonist (level 12, -2/68 HPs)
             Began as a Tengu Fire Elementalist on July 23, 2023.
             Was a High Priest of Nemelex Xobeh.
             Killed from afar by an efreet (31 damage)
             ... with a bolt of fire
             ... on level 12 of the Dungeon on July 24, 2023.
             The game lasted 01:02:25 (14981 turns).

shmup the Arsonist (Tengu Fire Elementalist)       Turns: 14981, Time: 01:02:26

Health: -2/68      AC:  7    Str: 11    XL:     12   Next: 21%
Magic:  15/28      EV: 23    Int: 21    God:    Nemelex Xobeh [*****.]
Gold:   649        SH:  0    Dex: 15    Spells: 3/19 levels left

rFire   . . .        b - +9 sling "Naneiky" {freeze, MP+9 Str+3}
rCold   . . .        (no shield)
rNeg    . . .        s - +1 robe
rPois   .            (helmet restricted)
rElec   .            C - +1 cloak
rCorr   .            d - +1 pair of gloves
SInv    .            (boots unavailable)
Will    .....        F - amulet of regeneration
Stlth   ++           t - +5 ring of evasion
HPRegen 1.11/turn    P - ring of wizardry
MPRegen 0.21/turn

%: wizardry (x1)
@: about to teleport, flying quickly and evasively, quick
A: beak, talons 3, nimble flight
a: Renounce Religion, Draw Escape, Draw Destruction, Draw Summoning, Triple
Draw, Deal Four, Stack Five


You were on level 12 of the Dungeon.
You worshipped Nemelex Xobeh.
Nemelex Xobeh was extremely pleased with you.
You visited 1 branch of the dungeon, and saw 12 of its levels.
You also visited: Ossuary.

You collected 649 gold pieces.

Inventory:

Hand Weapons
 a - a +5 dagger of freezing
 b - the +9 sling "Naneiky" (weapon) {freeze, MP+9 Str+3}
   (You found it on level 4 of the Dungeon)

   Str:       It affects your strength (+3).
   MP:        It affects your magic capacity (+9).
 E - a +3 quarterstaff of chaos
 V - a +3 scythe of venom
Missiles
 f - 54 stones
 m - 5 javelins
 y - 15 boomerangs
 L - 5 atropa-tipped darts
 S - 33 poisoned darts
 T - a throwing net
 W - 4 curare-tipped darts
 Y - 3 silver boomerangs
 Z - a boomerang of dispersal
Armour
 d - a +1 pair of gloves (worn)
 s - a +1 robe (worn)
 C - a +1 cloak (worn)
Magical Staves
 e - a staff of death
 K - a staff of air
Jewellery
 t - a +5 ring of evasion (left hand)
 u - a +4 ring of protection
 w - a ring of positive energy
 F - an amulet of regeneration (around neck)
 M - a +6 ring of strength
 P - a ring of wizardry (right hand)
Wands
 i - a wand of flame (32)
 D - a wand of light (16)
 G - a wand of roots (8)
 H - a wand of paralysis (3)
Scrolls
 c - a scroll of silence
 h - 2 scrolls of teleportation
 j - a scroll of enchant weapon {unknown}
 n - 3 scrolls of fog
 p - 6 scrolls of amnesia
 z - 2 scrolls of magic mapping
 A - 2 scrolls of immolation
 O - 3 scrolls of noise
 Q - a scroll of acquirement {unknown}
 R - a scroll of fear {unknown}
 U - 2 scrolls of blinking {unknown}
Potions
 g - 3 potions of heal wounds
 k - 2 potions of lignification
 l - 2 potions of attraction
 o - a potion of berserk rage {unknown}
 q - 3 potions of curing
 r - a potion of ambrosia
 v - 4 potions of mutation
 x - 7 potions of flight
 B - 2 potions of haste
 I - 2 potions of invisibility
 J - 2 potions of might
 N - 2 potions of brilliance
 X - a potion of magic


   Skills:
 + Level 5.4 Fighting
 - Level 5.0 Ranged Weapons
 + Level 6.3 Dodging
 - Level 2.0 Stealth
 - Level 4.0 Spellcasting
 + Level 10.7 Conjurations
 - Level 5.0 Hexes
 * Level 13.1 Fire Magic
 + Level 4.7 Air Magic
 + Level 3.6 Poison Magic
 + Level 2.4 Invocations


You had 3 spell levels left.
You knew the following spells:

 Your Spells              Type           Power      Damage    Failure   Level
a - Foxfire               Conj/Fire      100%       2x1d9     1%          1
b - Scorch                Fire           100%       2d9       1%          2
c - Inner Flame           Hex/Fire       42%        N/A       1%          3
d - Volatile Blastmotes   Fire/Tloc      62%        2d15      1%          3
e - Mephitic Cloud        Conj/Pois/Air  30%        N/A       1%          3
f - Searing Ray           Conj           98%        2d8       1%          2
g - Passwall              Tmut/Erth      3%         N/A       8%          2

Your spell library contained the following spells:

 Spells                   Type           Power      Damage    Failure   Level
 Magic Dart               Conj           100%       1d8       1%          1
 Poisonous Vapours        Pois/Air       42%        N/A       1%          2
 Ensorcelled Hibernation  Hex/Ice        28%        N/A       2%          2
 Swiftness                Air            24%        N/A       2%          3
 Apportation              Tloc           8%         N/A       4%          1
 Necrotise                Necr           16%        1d4       4%          1
 Summon Small Mammal      Summ           16%        N/A       4%          1
 Lesser Beckoning         Tloc           8%         N/A       8%          2
 Gell's Gravitas          Tloc           4%         N/A       14%         3
 Teleport Other           Tloc           4%         N/A       14%         3
 Flame Wave               Conj/Fire      53%        2d13      1%          4
 Fulminant Prism          Conj/Hex       18%        3d10      1%          4
 Fireball                 Conj/Fire      26%        3d12      1%          5
 Iskenderun's Battlesphe  Conj           49%        2d10      1%          5
 Freezing Cloud           Conj/Ice/Air   12%        6-21      16%         5
 Irradiate                Conj/Tmut      13%        3d16      16%         5
 Conjure Ball Lightning   Conj/Air       18%        3x3d6     28%         6
 Orb of Destruction       Conj           24%        9d9       43%         7
 Blade Hands              Tmut           2%         N/A       75%         5
 Dragon Form              Tmut           2%         N/A       100%        7


Dungeon Overview and Level Annotations

Branches:
Dungeon (12/15)            Temple (0/1) D:5            Lair (0/5) D:11
    Orc (0/2) D:12        Ossuary (visited)

Altars:
Cheibriados
Elyvilon
Fedhas
Hepliaklqana
Nemelex Xobeh
Ru
Sif Muna
Uskayaw
Wu Jian
Yredelemnul
Zin
The Shining One

Annotations:
D:9 exclusion: downstairs
D:11 exclusion: 2 downstairs


Innate Abilities, Weirdness & Mutations

You have a beak for a mouth.
You have claws for feet.
Your magical nature lets you fly swiftly and evasively.


Message History

The vampire mosquito misses you.
The vampire mosquito is engulfed in blazing flames.
The vampire mosquito explodes!
The fiery explosion engulfs you!!
* * * LOW HITPOINT WARNING * * *
You start resting.
An efreet comes into view.
It is wielding a +3 scimitar of flaming.
Casting: Scorch (safe; 1% risk of failure)
Confirm with . or Enter, or press ? or * to list all spells.
Aiming: Inner Flame (safe; 1% risk of failure)
Press: ? - help, Dir - move target, f - efreet
Aim: an efreet, wielding a +3 scimitar of flaming (chance to affect: 90%)
The efreet is filled with an inner flame.
Casting: Inner Flame (safe; 1% risk of failure)
Confirm with . or Enter, or press ? or * to list all spells.
You conjure some foxfire!
Casting: Foxfire (safe; 1% risk of failure)
Confirm with . or Enter, or press ? or * to list all spells.
You conjure some foxfire!
The foxfire hits the efreet but does no damage. x2
The efreet gestures at you.
The fireball explodes!
The fireball engulfs you!!
* * * LOW HITPOINT WARNING * * *
The fireball engulfs your foxfire.
Your foxfire completely resists.
The fireball engulfs your foxfire.
Your foxfire completely resists.
The foxfire hits the efreet but does no damage. x2
Casting: Foxfire (safe; 1% risk of failure)
Confirm with . or Enter, or press ? or * to list all spells.
Flames lash the efreet.
The efreet completely resists.
Unknown command.
As you read the scroll of teleportation, it crumbles to dust.
You feel strangely unstable. The efreet barely misses you.
The efreet gestures at you. The bolt of fire misses you.
The efreet gestures at you. The bolt of fire hits you!!
You die...
Your body glows with a rainbow of weird colours and disappears.

▒.▒...........▒
▒▒.....))...▒
▒.....0▒▒▒...▒
▒.....▒▒▒......▒
▒▒▒▒..§..........▒
▒▒.▒▒▒▒R...........
▒...▒▒.......... ▒.
▒▒..:▒..........▒
▒▒....Q.....▒....▒
▒...........▒....▒
▒...............▒▒
▒▒▒▒.........▒....▒
▒.................▒
▒▒▒....................▒▒
▒.......................
▒▒......................
▒▒▒▒...................


You could see an efreet (inner flame).

Vanquished Creatures
  2 two-headed ogres
  A centaur warrior (D:11)
  Pikel (D:6)
  A deep elf pyromancer (D:12)
  4 manticores
  2 cyclopes
  2 gargoyles
  A kobold demonologist (D:11)
  4 trolls
  Grinder (D:4)
  2 shadows
  Sigmund (D:3)
  A wyvern (D:7)
  Eustachio (D:4)
  A wraith (D:9)
  2 steam dragons
  8 yaks
  2 vampire mosquitoes (D:12)
  An acid dragon (D:9)
  A water moccasin (D:9)
  7 orc warriors
  An ice beast (D:7)
  2 sky beasts (D:8)
  A black bear (D:7)
  3 centaurs
  An ogre (D:4)
  A phantom (D:6)
  3 lemures (D:6)
  An elf zombie (Ossuary)
  3 kobold brigands
  6 bullfrogs
  4 scorpions
  15 wights
  10 killer bees (D:8)
  3 electric eels (D:6)
  4 howler monkeys
  5 hounds
  Crazy Yiuf (D:4)
  2 human zombies (Ossuary)
  3 orc priests
  3 gnoll boudas
  2 iguanas (D:4)
  15 orc wizards
  4 mummies (Ossuary)
  Robin (D:4)
  10 adders
  15 gnolls
  2 ufetubi
  An adder skeleton (D:3)
  A worm (D:2)
  4 dart slugs
  44 orcs
  5 bats
  8 endoplasms
  6 giant cockroaches
  17 goblins
  12 hobgoblins
  3 jackals (D:3)
  13 kobolds
  4 quokkas
  4 ball pythons
  A ball python zombie (D:3)
  4 frilled lizards (D:1)
  2 goblin zombies (Ossuary)
  A hobgoblin zombie (Ossuary)
  2 jackal zombies (Ossuary)
  2 kobold zombies (Ossuary)
  2 orc zombies (Ossuary)
  A quokka zombie (D:3)
  4 rats
308 creatures vanquished.

Vanquished Creatures (collateral kills)
  A hornet (D:8)
  A black bear (D:7)
  A gnoll (D:7)
  25 foxfires
28 creatures vanquished.

Vanquished Creatures (others)
  462 foxfires
462 creatures vanquished.

Grand Total: 798 creatures vanquished

Notes
Turn   | Place    | Note
-------+----------+-------------------------------------------
     0 | D:1      | shmup the Tengu Fire Elementalist began the quest for the
                  | Orb.
     0 | D:1      | Reached XP level 1. HP: 10/10 MP: 4/4
   269 | D:1      | Reached XP level 2. HP: 15/15 MP: 4/6
   286 | D:1      | Noticed a shining eye
   420 | D:1      | Reached skill level 4 in Fire Magic
   645 | D:1      | Reached XP level 3. HP: 19/19 MP: 5/7
  1103 | D:1      | Noticed a shining eye
  1109 | D:1      | Found a faded altar of an unknown god.
  1111 | D:1      | Noticed an eye of devastation
  1111 | D:1      | Noticed a golden eye
  1309 | D:1      | Reached XP level 4. HP: 11/24 MP: 2/8
  1364 | D:1      | Learned a level 2 spell: Scorch
  1372 | D:2      | Found a sparkling altar of Nemelex Xobeh.
  1382 | D:2      | Became a worshipper of Nemelex Xobeh the Trickster
  1429 | D:1      | Reached skill level 5 in Fire Magic
  2064 | D:3      | Gained mutation: Your magical nature lets you fly swiftly
                  | and evasively. [Tengu growth]
  2064 | D:3      | Reached XP level 5. HP: 28/28 MP: 3/9
  2149 | D:3      | Noticed Sigmund
  2193 | D:3      | Killed Sigmund
  2194 | D:3      | Reached skill level 6 in Fire Magic
  2194 | D:3      | Reached XP level 6. HP: 32/32 MP: 3/10
  2348 | D:3      | Reached * piety under Nemelex Xobeh
  2486 | D:3      | Received a gift from Nemelex Xobeh
  3129 | D:3      | Found an ornate altar of the Wu Jian Council.
  3137 | D:3      | Noticed a spectral centipede
  3137 | D:3      | Noticed a spectral black mamba
  3137 | D:3      | Noticed a spectral cane toad
  3231 | D:4      | Reached skill level 5 in Conjurations
  3342 | D:4      | Found a runed translucent door.
  3343 | D:4      | Noticed Crazy Yiuf
  3407 | D:4      | Identified the +9 sling "Naneiky" {freeze, MP+9 Str+3}
  3471 | D:4      | Noticed Eustachio
  3481 | D:4      | Reached skill level 7 in Fire Magic
  3481 | D:4      | Reached XP level 7. HP: 36/36 MP: 11/11
  3718 | D:4      | Killed Eustachio
  3866 | D:4      | Noticed Grinder
  3874 | D:4      | Paralysed by Grinder for 4 turns
  3879 | D:4      | Killed Grinder
  3880 | D:4      | Reached skill level 8 in Fire Magic
  3880 | D:4      | Reached XP level 8. HP: 41/41 MP: 12/12
  4109 | D:4      | Noticed Robin
  4135 | D:4      | Killed Robin
  4316 | D:4      | Reached skill level 9 in Fire Magic
  4762 | D:4      | Killed Crazy Yiuf
  4814 | D:5      | Entered Level 5 of the Dungeon
  4929 | D:5      | Found a sand-covered staircase.
  5207 | Ossuary  | Entered an ossuary
  5207 | Ossuary  | Reached ** piety under Nemelex Xobeh
  5238 | Ossuary  | HP: 2/41 [elf zombie (4)]
  5245 | Ossuary  | Reached skill level 10 in Fire Magic
  5603 | D:5      | Found a staircase to the Ecumenical Temple.
  5605 | D:5      | Received a gift from Nemelex Xobeh
  5705 | D:5      | Found a blossoming altar of Fedhas.
  5952 | D:6      | Reached XP level 9. HP: 46/46 MP: 13/13
  5954 | D:6      | Reached skill level 1 in Ranged Weapons
  5993 | D:6      | Found a transporter.
  5996 | D:6      | Found a transporter.
  6069 | D:6      | Reached skill level 1 in Hexes
  6075 | D:6      | Reached skill level 1 in Fighting
  6131 | D:6      | Found a white marble altar of Elyvilon.
  6131 | D:6      | Found a glowing golden altar of the Shining One.
  6131 | D:6      | Found a glowing silver altar of Zin.
  6255 | D:6      | Noticed Pikel
  6283 | D:5      | Learned a level 3 spell: Inner Flame
  6287 | D:5      | Learned a level 3 spell: Volatile Blastmotes
  6339 | D:6      | Killed Pikel
  6997 | D:7      | Reached skill level 11 in Fire Magic
  7001 | D:7      | Reached *** piety under Nemelex Xobeh
  7097 | D:7      | Noticed a manticore
  7100 | D:7      | Noticed a two-headed ogre
  7100 | D:7      | Noticed a manticore
  7104 | D:7      | Killed a manticore
  7105 | D:7      | Reached XP level 10. HP: 48/56 MP: 8/14
  7105 | D:7      | Noticed a gargoyle
  7106 | D:7      | Killed a two-headed ogre
  7222 | D:7      | Killed a manticore
  7268 | D:7      | Killed a gargoyle
  8115 | D:7      | Found a hide-covered altar of Uskayaw.
  8388 | D:7      | Learned a level 3 spell: Mephitic Cloud
  8472 | D:8      | Reached skill level 12 in Fire Magic
  8548 | D:8      | Received a gift from Nemelex Xobeh
  8734 | D:8      | Reached skill level 1 in Air Magic
  8930 | D:8      | Reached skill level 5 in Dodging
  9167 | D:8      | Identified the -2 quarterstaff of Guseoses {spect, Str+4}
  9173 | D:8      | Reached skill level 1 in Poison Magic
  9173 | D:8      | Reached XP level 11. HP: 49/61 MP: 15/15
  9201 | D:8      | Found a sacrificial altar of Ru.
  9233 | D:8      | Learned a level 2 spell: Searing Ray
  9803 | D:8      | Found a basalt altar of Yredelemnul.
 10001 | D:9      | Reached skill level 10 in Conjurations
 10550 | D:9      | Received a gift from Nemelex Xobeh
 11186 | D:10     | Entered Level 10 of the Dungeon
 11193 | D:10     | Reached **** piety under Nemelex Xobeh
 11263 | D:10     | Received a gift from Nemelex Xobeh
 11886 | D:10     | Found a shimmering blue altar of Sif Muna.
 11950 | D:10     | Reached skill level 5 in Hexes
 11960 | D:10     | Reached skill level 5 in Ranged Weapons
 12312 | D:10     | Found a snail-covered altar of Cheibriados.
 12315 | D:10     | Found a hazy altar of Hepliaklqana.
 12406 | D:11     | Reached skill level 1 in Invocations
 12731 | D:11     | Received a gift from Nemelex Xobeh
 12845 | D:11     | Noticed a cyclops
 12866 | D:11     | Killed a cyclops
 12958 | D:11     | Learned a level 2 spell: Passwall
 13164 | D:11     | Noticed a centaur warrior
 13524 | D:11     | Killed a centaur warrior
 13525 | D:11     | Reached skill level 5 in Fighting
 13767 | D:11     | Found a staircase to the Lair.
 13971 | D:11     | Reached ***** piety under Nemelex Xobeh
 14149 | D:12     | Found a staircase to the Orcish Mines.
 14156 | D:12     | Noticed a manticore
 14163 | D:12     | Killed a manticore
 14262 | D:12     | Noticed a manticore
 14522 | D:12     | Noticed a two-headed ogre
 14523 | D:12     | Noticed a deep elf pyromancer
 14558 | D:12     | Reached XP level 12. HP: 68/68 MP: 8/18
 14716 | D:12     | Killed a two-headed ogre
 14717 | D:12     | Reached skill level 13 in Fire Magic
 14929 | D:12     | Identified the +2 kite shield of the Pure Spirits {Dex+2}
 14981 | D:12     | Killed from afar by an efreet

Illustrated notes

Levels and vault maps discovered:
D:1:      scummos_arrival_star, layout_loops_corners,
          hellmonk_ecumenical_altar_watching_god
D:2:      layout_loops_ring, basic_altar
D:3:      layout_loops_ring, pdpol_wu_jian_five_deadly_venoms, serial_undead,
          serial_undead_f, serial_undead_c, serial_undead_e, serial_undead_b,
          minmay_quantized, uniq_sigmund
D:4:      nicolae_cairo_tiling, layout_basic, kennysheep_big_empty_room,
          uniq_grinder, uniq_crazy_yiuf_cottage, uniq_eustachio, uniq_robin
D:5:      layout_rooms, general_overflow_altar, minmay_temple_entry_crystal_x,
          nicolae_ossuary_entry_monument
D:6:      gammafunk_steamed_eel, layout_gridville, good_gods_mini_temple,
          uniq_pikel
D:7:      minmay_blocky_corners, layout_basic, nicolae_uskayaw_dance_hall
D:8:      layout_basic, lemuel_round_altar, mainiacjoe_overflow_boulevard,
          serial_co_window_serial, co_window_of_opportunity_a,
          co_window_paths_a, co_window_of_opportunity_a, co_window_paths_a,
          co_window_paths_a, co_window_corner_b, co_window_corner_b,
          co_window_corner_cb
D:9:      layout_roguey
D:10:     layout_roguey, mainiacjoe_overflow_alcove_1,
          nicolae_overflow_hidden_temple, bh_walls_and_bars
D:11:     layout_stronghold, lair_entry_dummy, kennysheep_donut
D:12:     layout_cave_pools, minmay_orc_entry_temple_small,
          small_chamber_with_monster, blue_anna_alchemist

Skill      XL: |  1  2  3  4  5  6  7  8  9 10 11 12 |
---------------+-------------------------------------+-----
Conjurations   | 2 3 4 5 6 8 9 10 | 10.7
Fire Magic     | 4 5 6 7 8 10 11 12 13 | 13.1
Ranged Weapons | 3 4 5 |  5.0
Hexes          | 3 4 5 |  5.0
Fighting       | 3 4 5 |  5.4
Dodging        | 4 5 6 |  6.3
Air Magic      | 1 4 |  4.7
Poison Magic   | 1 3 |  3.6
Invocations    | 2 |  2.4
Spellcasting   | 3 4 |  4.0
Stealth        | |  2.0

Action                     |  1- 3 |  4- 6 |  7- 9 | 10-12 || total
---------------------------+-------+-------+-------+-------++-------
  Melee: Kick              |     3 |     3 |       |       ||     6
         Unarmed           |     3 |       |       |       ||     3
         Dagger            |     6 |       |       |       ||     6
         Peck              |     1 |     1 |       |       ||     2
         Trident           |       |     7 |       |       ||     7
         Halberd           |       |     1 |       |       ||     1
   Fire: Sling             |       |     1 |    60 |    39 ||   100
   Cast: Foxfire           |    47 |    42 |    77 |   132 ||   298
         Scorch            |       |    21 |    95 |   111 ||   227
         Inner Flame       |       |       |    12 |    76 ||    88
         Volatile Blastmot |       |       |     1 |    26 ||    27
         Passwall          |       |       |       |     3 ||     3
         Mephitic Cloud    |       |       |       |     1 ||     1
 Invoke: Draw Escape       |       |       |     4 |       ||     4
         Draw Destruction  |       |       |       |     5 ||     5
         Draw Summoning    |       |       |       |     1 ||     1
    Use: Scroll            |       |     1 |    11 |    12 ||    24
         Potion            |       |       |     3 |     2 ||     5
   Stab: Sleeping          |     2 |       |       |       ||     2
 Armour: Robe              |    10 |     4 |    26 |    12 ||    52
  Dodge: Dodged            |    25 |    22 |   177 |   107 ||   331
